 Dungeon Crawl Stone Soup version 0.31-a0-188-g5e087ee2ca (webtiles) character file.

Game seed: 6762532543488573929

86 qw the Shooter (level 4, -2/25 HPs)
             Began as a Deep Elf Hunter on June 23, 2023.
             Slain by an orc wizard
             ... wielding a +0 dagger
              (4 damage)
             ... on level 3 of the Dungeon.
             The game lasted 00:00:26 (1689 turns).

qw the Shooter (Deep Elf Hunter)                    Turns: 1689, Time: 00:00:27

Health: -2/25      AC: 10    Str: 10    XL:     4   Next: 27%
Magic:  6/6        EV:  9    Int: 14    God:
Gold:   101        SH:  0    Dex: 18    Spells: 3/3 levels left

rFire   . . .        Y - +0 shortbow
rCold   . . .        (shield currently unavailable)
rNeg    . . .        b - +2 scale mail {Will+}
rPois   .            (no helmet)
rElec   .            (no cloak)
rCorr   .            f - +0 pair of gloves
SInv    .            e - +0 pair of boots
Will    +....        (no amulet)
Stlth   +            (no ring)
HPRegen 0.24/turn    (no ring)
MPRegen 0.10/turn

%: no passive effects
@: no status effects
A: no striking features
a: no special abilities


You were on level 3 of the Dungeon.
You visited 1 branch of the dungeon, and saw 3 of its levels.

You collected 101 gold pieces.


   Skills:
 - Level 1.5 Fighting
 + Level 7.7 Ranged Weapons
 - Level 2.4 Dodging
 - Level 1.2 Stealth


You had 3 spell levels left.
You didn't know any spells.
Your spell library was empty.

Inventory:

Hand Weapons
 Y - a +0 shortbow (weapon)
Armour
 b - a +2 scale mail of willpower (worn)
 e - a +0 pair of boots (worn)
 f - a +0 pair of gloves (worn)
Scrolls
 h - 2 scrolls of identify
Potions
 a - a potion of haste {unknown}
 c - a potion of attraction {unknown}
 d - a potion of curing {unknown}
 g - a potion of invisibility {unknown}

Dungeon Overview and Level Annotations

Branches:
Dungeon (3/15)

Altars:


Message History

You shoot an arrow. The arrow hits the orc.
The orc is lightly wounded.
Something hits you but does no damage.
You shoot an arrow. The arrow barely misses the orc.
Something hits you but does no damage.
You shoot an arrow. The arrow hits the orc.
The orc is heavily wounded.
Something hits you but does no damage. x2
You shoot an arrow. The arrow hits the orc!
You kill the orc!
Something hits you but does no damage.
You shoot an arrow. Something hits you but does no damage.
The orc barely misses you.
You shoot an arrow. The arrow hits the orc.
The orc is almost dead.
The orc hits you but does no damage. Something hits you.
The orc hits you from afar with a +0 trident.
You shoot an arrow. The arrow hits the orc!
You kill the orc!
The orc hits you but does no damage.
You shoot an arrow. Something hits you.
The orc hits you from afar with a +0 trident.
You shoot an arrow. Something hits you but does no damage.
The orc hits you from afar with a +0 trident.
You shoot an arrow. The orc closely misses you.
Something hits you but does no damage.
The orc hits you from afar with a +0 trident.
You shoot an arrow. The arrow hits the orc.
The orc is heavily wounded.
The orc hits you but does no damage.
You shoot an arrow. The arrow hits the orc.
You kill the orc!
Something hits you.
You shoot an arrow.
You hear a shout!
A hobgoblin comes into view.
Something hits you.
You die...

#.. ###.####.# #
#..##.)......# #
#............# #
.#....#)###.######
#####
##...%.........##
#..g)##
##.......####.##
###)###..........##.##
#..){#...........##.##
#.###@##.........##.##
#. #.##........###...
# #.##..............
#.......###:###.##
#######.# .# #.#
.###.###.##
........... ##########


You could see a hobgoblin.

Vanquished Creatures
  Terence (D:2)
  2 adders
  A worm (D:2)
  A dart slug (D:3)
  7 orcs (D:3)
  A ball python (D:1)
  3 bats (D:1)
  2 endoplasms
  A giant cockroach (D:2)
  2 goblins
  2 quokkas
  A frilled lizard (D:1)
  2 kobolds (D:1)
  5 rats
31 creatures vanquished.

Notes
Turn   | Place    | Note
-------+----------+-------------------------------------------
     0 | D:1      | qw the Deep Elf Hunter began the quest for the Orb.
     0 | D:1      | Reached XP level 1. HP: 12/12 MP: 3/3
     0 | D:1      | 0 ||| qw: Version: 0.3-a-9-g12657ce
     0 | D:1      | 0 ||| qw: Game counter: 3083
     0 | D:1      | 0 ||| qw: Always use a shield: true
     0 | D:1      | 0 ||| qw: God list: Okawaru
     0 | D:1      | 0 ||| qw: Allow faded altars: false
     0 | D:1      | 0 ||| qw: Do Orc after D:15 true
     0 | D:1      | 0 ||| qw: Do second Lair branch before Depths: true
     0 | D:1      | 0 ||| qw: Lair rune preference: random
     0 | D:1      | 0 ||| qw: Plans: Normal
     0 | D:1      | 0 ||| PLANNING D:1-11
   277 | D:1      | Reached XP level 2. HP: 16/16 MP: 4/4
   349 | D:1      | Reached skill level 6 in Ranged Weapons
   759 | D:1      | 759 ||| UPGRADING to +0 pair of boots.
   764 | D:1      | 764 ||| UPGRADING to +0 pair of gloves.
   769 | D:1      | 769 ||| READING scroll labelled URA XUDISUN.
   798 | D:1      | 798 ||| READING scroll labelled GIKHEB JEA.
   799 | D:1      | 799 ||| DROPPING scroll of butterflies.
  1016 | D:2      | Noticed Terence
  1030 | D:2      | Killed Terence
  1031 | D:2      | Reached XP level 3. HP: 7/20 MP: 5/5
  1126 | D:2      | Reached skill level 7 in Ranged Weapons
  1511 | D:2      | 1511 ||| UPGRADING to +0 ring mail.
  1521 | D:2      | 1521 ||| UPGRADING to +2 scale mail of willpower.
  1531 | D:2      | 1531 ||| DROPPING +0 ring mail.
  1532 | D:2      | 1532 ||| DROPPING +0 leather armour.
  1621 | D:3      | Reached XP level 4. HP: 25/25 MP: 6/6
  1675 | D:3      | 1675 ||| FLEEEEING.
  1676 | D:3      | 1676 ||| FLEEEEING.
  1686 | D:3      | HP: 3/25 [orc/+0 trident (6)]
  1689 | D:3      | Slain by an orc wizard

Levels and vault maps discovered:
D:1:      sevenhm_arrival_forest_fort_large_2, layout_basic,
          kennysheep_small_spiral
D:2:      layout_basic, uniq_terence
D:3:      layout_loops_ring

Skill      XL: |  1  2  3 |
---------------+----------+-----
Ranged Weapons | 6 7 |  7.7
Fighting       | |  1.5
Dodging        | |  2.4
Stealth        | |  1.2

Action                     |  1- 3 |  4- 6 || total
---------------------------+-------+-------++-------
   Fire: Shortbow          |    61 |    36 ||    97
    Use: Scroll            |     2 |       ||     2
 Armour: Leather armour    |     5 |       ||     5
         Scale mail        |     1 |    17 ||    18
  Dodge: Dodged            |     7 |     4 ||    11

Table legend:
 A = Non-vault XP
 B = Vault XP
 C = Vault XP percentage of total XP
 D = Non-vault monster count
 E = Vault monster count
 F = Vault count percentage of total count
                 A         B        C        D         E       F
            +---------+---------+-------+---------+---------+-------
      Total |      88 |      36 |  29.0 |      30 |       1 |   3.2
            +---------+---------+-------+---------+---------+-------
        D:1 |      20 |       0 |   0.0 |      12 |       0 |   0.0
        D:2 |      26 |      36 |  58.1 |       7 |       1 |  12.5
        D:3 |      42 |       0 |   0.0 |      11 |       0 |   0.0
            +---------+---------+-------+---------+---------+-------
